 Dungeon Crawl Stone Soup version 0.14-a0-1519-gc5e2f7f (webtiles) character file.

428 M4edhros the Stinger (level 6, -1/36 HPs)
             Began as an Octopode Venom Mage on Dec 16, 2013.
             Was a Plaything of Xom.
             Killed from afar by a hobgoblin (15 damage)
             ... with a wand of fire
             ... on Level 4 of the Dungeon.
             The game lasted 00:07:50 (3498 turns).

M4edhros the Stinger (Octopode Venom Mage)          Turns: 3498, Time: 00:07:50

HP  -1/36        AC  1     Str  7      XL: 6   Next:  9%
MP   4/13        EV 13     Int 17      God: Xom
Gold 186         SH  0     Dex 13      Spells:  2 memorised,  7 levels left

rFire  . . .     SeeInvis .     a - +2 cutlass (speed)
rCold  . . .     Clarity  .     (no shield)
rNeg   . . .     Conserve .     (helmet restricted)
rPois  .         rCorr    .     (no amulet)
rElec  .         rRot     .     k - ring of flight
SustAb . .       Spirit   .     (no ring)
rMut   .         Warding  .     (no ring)
Saprov . . .     Stasis   .     (no ring)
                                (no ring)
                                (no ring)
                                (no ring)
                                (no ring)

@: very slightly contaminated, slightly resistant to hostile enchantments, quite
stealthy
A: almost no armour, amphibious, 8 rings, constrict 8, camouflage 1, berserk 1,
dopey 1, herbivore 1, gelatinous body 1
a: Renounce Religion, Evoke Flight


You were on level 4 of the Dungeon.
You worshipped Xom.
You were a plaything of Xom.
You were not hungry.

You visited 2 branches of the dungeon, and saw 5 of its levels.

You collected 186 gold pieces.

Inventory:

Hand weapons
 a - a +2,+2 cutlass of speed (weapon)
 r - a +1,+3 orcish dagger
Missiles
 d - 2 throwing nets
 o - 3 exploding darts (quivered)
Magical devices
 f - a wand of frost (17)
Comestibles
 c - 3 bread rations
 h - a rambutan
 s - a choko
 t - a meat ration
Scrolls
 j - a scroll of teleportation
 p - a scroll of enchant weapon II
 q - a scroll of blinking
Jewellery
 i - the ring of the Empty Page {Hunger- -Cast}
   (You acquired it on level 1 of the Dungeon)

   [ring of sustenance]

   It prevents spellcasting.
 k - a ring of flight (left tentacle)
Potions
 e - a potion of speed
 g - 3 potions of heal wounds
 l - a potion of lignification {unknown}
 m - a potion of curing
Books
 b - a Young Poisoner's Handbook

   Spells                             Type                      Level
   *Sting                             Conjuration/Poison           1
   Cure Poison                        Poison                       2
   *Mephitic Cloud                    Conjuration/Poison/Air       3
   Olgreb's Toxic Radiance            Poison                       4
   Venom Bolt                         Conjuration/Poison           5


   Skills:
 + Level 3.2 Dodging
 - Level 2.6 Stealth
 + Level 3.2 Spellcasting
 + Level 2.7 Conjurations
 + Level 6.1 Poison Magic


You had 7 spell levels left.
You knew the following spells:

 Your Spells              Type           Power        Failure   Level  Hunger
a - Sting                 Conj/Pois      ###.         2%          1    None
b - Mephitic Cloud        Conj/Pois/Air  ##......     17%         3    ###....


Dungeon Overview and Level Annotations

Branches:
Dungeon (4/16)             Temple (1/1) D:4

Altars:
Ashenzari
Elyvilon
Fedhas
Kikubaaqudgha
Makhleb
Nemelex Xobeh
Okawaru
Sif Muna
Trog
Vehumet
Xom
Yredelemnul
Zin
the Shining One


Innate Abilities, Weirdness & Mutations

You cannot wear most types of armour.
You are amphibious.
You can wear up to eight rings at the same time.
You can use your tentacles to constrict many enemies at once.
Your skin changes colour to match your surroundings (Stlth).
Your rubbery body absorbs attacks (AC +1).
You tend to lose your temper in combat.
You are dopey. (Int -2)
You digest meat inefficiently.


Message History

Unknown command.
Casting: Mephitic Cloud
Confirm with . or Enter, or press ? or * to list all spells.
Aiming: Mephitic Cloud
Press: ? - help, Shift-Dir - straight line, f - orc, p - orc wizard
Aim: an orc, wielding an orcish mace You miscast Mephitic Cloud.
You are very lightly contaminated with residual magic.
You feel faint for a moment.
The hound closely misses the hobgoblin.
The orc wizard is engulfed in noxious fumes.
The orc wizard appears confused.
The orc is engulfed in noxious fumes.
The orc appears confused.
The orc unwields an uncursed orcish flail.
The orc drops an uncursed orcish flail.
The orc picks up a runed orcish flail.
The orc wields a runed orcish flail.
The hobgoblin zaps a wand.
The bolt of fire hits the orc.
The orc dies!
The bolt of fire hits you!
You die...
Xom roars with laughter!

#.....# #.....# #.....#
#<....# #.....#
###########.....########
....%...................
.........................
..<%............@........
..................o......
................§§§o....
................§o§o....
∆
......%.%.......oo§.....
...............).......
.......... ....gh.....
########## ....##### ∆ .


You could see a hound (confused), an orc priest (confused), an orc wizard
(confused), 4 orcs and a hobgoblin.

Vanquished Creatures
  Sigmund (D:3)
  A giant frog skeleton (D:4)
  A worker ant (D:4)
  5 adders
  A worm (D:3)
  3 oozes
  6 orcs
  A ball python (D:3)
  2 giant cockroaches
  5 goblins (D:1)
  3 hobgoblins
  11 kobolds
  A quokka (D:3)
  5 bats
  5 giant geckos
  A giant gecko skeleton (D:4)
  4 rats
  A rat skeleton (D:3)
  2 toadstools (D:1)
59 creatures vanquished.

Vanquished Creatures (others)
  An orc (D:4)
  2 toadstools (D:1)
3 creatures vanquished.

Grand Total: 62 creatures vanquished

Notes
Turn   | Place    | Note
--------------------------------------------------------------
     0 | D:1      | M4edhros, the Octopode Venom Mage, began the quest for the Orb.
     0 | D:1      | Reached XP level 1. HP: 11/11 MP: 3/3
   425 | D:1      | Reached XP level 2. HP: 15/17 MP: 5/5
   702 | D:1      | Reached skill level 5 in Poison Magic
   704 | D:1      | Reached skill level 1 in Conjurations
  1243 | D:3      | Noticed Sigmund
  1303 | D:3      | Reached XP level 3. HP: 21/21 MP: 6/6
  1516 | D:4      | Found a staircase to the Ecumenical Temple.
  1518 | D:4      | Noticed a phantom
  1521 | Temple   | Entered the Ecumenical Temple
  1581 | Temple   | Became a worshipper of Xom of Chaos
  1609 | D:4      | XOM: harmless Pois miscast
  1610 | D:4      | HP: 1/21 [giant gecko (4)]
  1802 | D:4      | Learned a level 3 spell: Mephitic Cloud
  1835 | D:3      | Found a glowing golden altar of the Shining One.
  1835 | D:3      | Found a white marble altar of Elyvilon.
  2014 | D:3      | Killed Sigmund
  2014 | D:3      | Reached XP level 4. HP: 18/27 MP: 3/9
  2014 | D:3      | Reached XP level 5. HP: 20/31 MP: 3/11
  2022 | D:3      | XOM: harmless Trmt miscast
  2109 | D:1      | XOM: god gift: scroll labeled FREITZ DYQUYRGH
  2111 | D:1      | Identified a scroll of acquirement
  2112 | D:1      | Got a pitted silver ring
  2169 | D:1      | XOM: divination: detect creatures
  2341 | D:1      | Gained mutation: You tend to lose your temper in combat. [potion of mutation]
  2341 | D:1      | Gained mutation: You digest meat inefficiently. [potion of mutation]
  2341 | D:1      | Gained mutation: You are dopey. (Int -2) [potion of mutation]
  2375 | D:1      | XOM: silly message
  3256 | D:4      | XOM: enchant monster (bad)
  3344 | D:4      | XOM: divination: detect items
  3350 | D:4      | XOM: divination: detect items
  3362 | D:4      | Identified the ring of the Empty Page {Hunger- -Cast} (You acquired it on level 1 of the Dungeon)
  3377 | D:4      | Reached skill level 6 in Poison Magic
  3395 | D:3      | XOM: harmless Summ miscast
  3437 | D:4      | Reached XP level 6. HP: 23/36 MP: 13/13
  3478 | D:4      | XOM: scenery: create altars
  3498 | D:4      | Killed from afar by a hobgoblin

Action                   |  1- 3 |  4- 6 || total
-------------------------+-------+-------++-------
Melee: Unarmed           |    49 |       ||    49
       Short sword       |    42 |       ||    42
       Dagger            |     1 |       ||     1
       Cutlass           |    14 |    68 ||    82
 Cast: Sting             |     2 |       ||     2
       Mephitic Cloud    |     1 |     3 ||     4
  Use: Scroll            |     6 |     4 ||    10
       Potion            |     4 |     4 ||     8
 Stab: Sleeping          |     8 |     7 ||    15
       Distracted        |     1 |       ||     1
       Confused          |       |     1 ||     1
